 Dungeon Crawl Stone Soup version 0.14-a0-2374-ge879b5e (webtiles) character file.

294 QueenB the Covert (level 4, 0/22 HPs)
             Began as a Spriggan Assassin on Feb 1, 2014.
             Slain by an orc
             ... wielding a +1,+1 spear
              (6 damage)
             ... on Level 3 of the Dungeon.
             The game lasted 00:06:37 (2130 turns).

QueenB the Covert (Spriggan Assassin)               Turns: 2130, Time: 00:06:37

HP   0/22        AC  3     Str  7      XL: 4   Next: 27%
MP   8/8         EV 17     Int 12      God:
Gold 208         SH  0     Dex 18      Spells:  0 memorised,  3 levels left

rFire  . . .     SeeInvis +     a - +2 dagger
rCold  . . .     Clarity  .     c - +0 robe
rNeg   . . .     Conserve .     (shield restricted)
rPois  +         rCorr    .     (helmet restricted)
rElec  .         rRot     .     d - +0 cloak
SustAb . .       Spirit   .     (gloves unavailable)
rMut   .         Warding  .     (boots unavailable)
Saprov . . .     Stasis   .     (no amulet)
MR     .....                    D - ring of invisibility
                                i - ring of poison resistance

@: very quick, not resistant to hostile enchantments, very stealthy
A: unfitting armour, see invisible, herbivore 3, speed 3, slow metabolism 2
a: Evoke Invisibility


You were on level 3 of the Dungeon.
You were not hungry.

You visited 1 branch of the dungeon, and saw 3 of its levels.

You collected 208 gold pieces.

Inventory:

Hand weapons
 a - a +2,+2 dagger (weapon)
 b - a +0 blowgun
Missiles
 e - 8 poisoned needles
 f - 2 curare-tipped needles
 p - 6 needles of slowing
Armour
 c - a +0 robe (worn)
 d - a +0 cloak (worn)
Comestibles
 n - a bread ration
 q - a rambutan
 z - a choko
 B - an apple
Scrolls
 h - 4 scrolls of teleportation {unknown}
 l - 2 scrolls of random uselessness {unknown}
 m - 5 scrolls of identify
 o - 3 scrolls of remove curse {unknown}
 u - a scroll of immolation {unknown}
 v - 2 scrolls of magic mapping {unknown}
 C - a scroll of enchant weapon I {unknown}
 E - a scroll of enchant weapon II {unknown}
 F - a scroll of curse armour {unknown}
Jewellery
 i - a ring of poison resistance (left hand)
 D - a ring of invisibility (right hand)
Potions
 g - a potion of porridge
 j - a potion of might {unknown}
 k - a potion of restore abilities {unknown}
 r - a potion of agility {unknown}
 s - 2 potions of speed {unknown}
 t - 2 potions of invisibility {unknown}
 w - 2 potions of mutation {unknown}
 x - a potion of heal wounds {unknown}
 A - a potion of flight {unknown}
Books
 y - a book of Burglary

   Spells                             Type                      Level
   Apportation                        Translocation                1
   Swiftness                          Charms/Air                   2
   Passwall                           Transmutation/Earth          3
   Passage of Golubria                Translocation                4
   Lee's Rapid Deconstruction         Earth                        5
   Darkness                           Hexes                        7


   Skills:
 - Level 1.5 Fighting
 - Level 2.1 Short Blades
 - Level 2.1 Throwing
 - Level 1.5 Dodging
 + Level 8.8 Stealth


You had 3 spell levels left.
You didn't know any spells.

Dungeon Overview and Level Annotations

Branches:
Dungeon (3/16)

Altars:
Dithmengos


Innate Abilities, Weirdness & Mutations

You are tiny and cannot use many weapons and most armour.
You have supernaturally acute eyesight.
You are a herbivore.
You cover ground extremely quickly.
You need consume almost no food.


Message History

You hit the orc.
The orc is heavily wounded.
The orc closely misses you.
You hit the orc.
The orc is severely wounded.
The orc hits you but does no damage.
You closely miss the orc.
The orc is severely wounded.
You hit the orc.
The orc is severely wounded.
The orc drinks a potion.
The orc is healed!
You hit the orc but do no damage. The orc hits you with a spear.
You hit the orc but do no damage. The orc hits you with a spear.
* * * LOW HITPOINT WARNING * * *
You hit the orc but do no damage. The orc closely misses you.
You hit the orc but do no damage. The orc closely misses you.
You hit the orc but do no damage. You hit the orc but do no damage.
The orc hits you but does no damage.
You barely miss the orc. The orc hits you with a spear.
You die...

.## #####.#.## ......
.....#.# ....... .....#
#......# #.#### #......#
# #..... #.....)# #.
#.#### #......# .
#.####.# #
#.....o###..#......####
#.....@#...............
#......#.#..#.##.......
###....#.#.............
#.#..#.#..#..#..##...
####.#.............##...
.........................
#########.#.............
#.##........#...
#######.##.....%.##...


You could see an orc.

Vanquished Creatures
  4 adders
  A worm (D:2)
  2 oozes (D:3)
  3 orcs (D:3)
  4 giant cockroaches
  2 goblins (D:1)
  2 hobgoblins
  A quokka (D:3)
  A ball python (D:3)
  7 bats
  A giant gecko (D:3)
  3 giant newts
  7 kobolds
  5 rats
43 creatures vanquished.

Notes
Turn   | Place    | Note
--------------------------------------------------------------
     0 | D:1      | QueenB, the Spriggan Assassin, began the quest for the Orb.
     0 | D:1      | Reached XP level 1. HP: 10/10 MP: 2/2
    63 | D:1      | Reached skill level 6 in Stealth
   270 | D:1      | Reached XP level 2. HP: 14/14 MP: 4/4
   539 | D:1      | Reached skill level 7 in Stealth
   834 | D:2      | Reached XP level 3. HP: 18/18 MP: 6/6
  1078 | D:2      | Found a shadowy altar of Dithmengos.
  1105 | D:2      | Reached skill level 8 in Stealth
  1597 | D:3      | Reached XP level 4. HP: 19/22 MP: 8/8
  2130 | D:3      | Slain by an orc

Action                   |  1- 3 |  4- 6 || total
-------------------------+-------+-------++-------
Melee: Dagger            |   102 |    33 ||   135
  Use: Scroll            |     1 |       ||     1
 Stab: Sleeping          |    14 |     2 ||    16
